 Dungeon Crawl Stone Soup version 0.29.0-4-gdea44cf6ec (webtiles) character file.

Game seed: 3573469155677955215

14 qw the Sneak (level 2, -1/19 HPs)
             Began as a Gargoyle Delver on Sept 10, 2022.
             Slain by a jackal (2 damage)
             ... on level 4 of the Dungeon.
             The game lasted 00:00:05 (100 turns).

qw the Sneak (Gargoyle Delver)                       Turns: 100, Time: 00:00:06

Health: -1/19      AC:  5    Str: 15    XL:     2   Next: 41%
Magic:  2/2        EV: 11    Int: 10    God:
Gold:   0          SH:  0    Dex: 11    Spells: 1/1 levels left

rFire   . . .      SeeInvis .   a - +0 hand axe
rCold   . . .      Faith    .   (no shield)
rNeg    + . .      Spirit   .   b - +0 leather armour
rPois   inf        Reflect  .   (no helmet)
rElec   +          Harm     .   (no cloak)
rCorr   .          Rampage  .   (no gloves)
Will    .....                   (no boots)
Stlth   +++.......              (no amulet)
HPRegen 0.06/turn               (no ring)
MPRegen 0.08/turn               (no ring)

@: no status effects
A: sickness immunity, AC +2, negative energy resistance 1, electricity
resistance, torment resistance 1, petrification resistance
a: no special abilities


You were on level 4 of the Dungeon.
You visited 1 branch of the dungeon, and saw 2 of its levels.


Innate Abilities, Weirdness & Mutations

You are immune to sickness and miasma.
Your stone body is resilient. (AC +2)
You are immune to poison.
You resist negative energy. (rN+)
You are resistant to electric shocks. (rElec)
You are resistant to unholy torment.
You are immune to petrification.


   Skills:
 - Level 3.2 Fighting
 + Level 2.7 Axes
 - Level 1.5 Dodging
 - Level 5.4 Stealth


You had one spell level left.
You didn't know any spells.
Your spell library was empty.

Inventory:

Hand Weapons
 a - a +0 hand axe (weapon)
Armour
 b - a +0 leather armour (worn)
Wands
 g - a wand of digging (3)
Potions
 f - a potion of haste

Dungeon Overview and Level Annotations

Branches:
Dungeon (5/15)
 Temple: D:4-7

Altars:

Shops:
D:5 ?


Message History

A jackal comes into view.
The adder closely misses you. The adder bites you but does no damage.
You miss the adder.
The adder is severely wounded.
The adder misses you.
The jackal barks!
You barely miss the adder.
The adder is severely wounded.
The jackal barks!
You hit the jackal.
You hear a bark!
The adder bites you. The jackal closely misses you.
The adder closely misses you. The jackal closely misses you.
You slash the adder!
You kill the adder!
You closely miss the jackal. The jackal closely misses you.
The jackal misses you.
A giant cockroach comes into view.
You have reached level 2!
You closely miss the jackal.
The jackal is heavily wounded.
You barely miss the jackal.
The jackal bites you but does no damage.
The jackal barely misses you. The jackal bites you.
The jackal closely misses you.
You hit the jackal.
You kill the jackal!
You closely miss the jackal. The jackal misses you.
You hit the scorpion.
The scorpion is lightly wounded.
You hit the iguana but do no damage. You miss the jackal. The jackal bites you.
The scorpion stings you. The jackal bites you. The iguana misses you.
You closely miss the scorpion.
The scorpion is lightly wounded.
You hit the jackal. You hit the jackal but do no damage.
You hit the iguana but do no damage. The jackal bites you.
You die...

....).. .......
....... ####.......
#..........
##..........
#...h.......
####..@l.......
##..>.hs##...!..
#....!..# ....#
#........#B.......
#..####..$......s..
#. ..........)... #
...........sh #
....#......#h..
..............l


You could see a scorpion, an iguana, 2 jackals and a giant cockroach.

Vanquished Creatures
  An adder (D:4)
  An orc (D:4)
  A jackal (D:4)
  A quokka (D:4)
4 creatures vanquished.

Notes
Turn   | Place    | Note
-------+----------+-------------------------------------------
     0 | D:5      | qw the Gargoyle Delver began the quest for the Orb.
     0 | D:5      | Reached XP level 1. HP: 14/14 MP: 1/1
     0 | D:5      | 0 ||| qw: Version: 0.1-a-116-g5d60599
     0 | D:5      | 0 ||| qw: Game counter: 9170
     0 | D:5      | 0 ||| qw: Always use a shield: true
     0 | D:5      | 0 ||| qw: God list: Okawaru
     0 | D:5      | 0 ||| qw: Allow faded altars: false
     0 | D:5      | 0 ||| qw: Do Orc after D:15 true
     0 | D:5      | 0 ||| qw: Do second Lair branch before Depths: true
     0 | D:5      | 0 ||| qw: Lair rune preference: random
     0 | D:5      | 0 ||| qw: Plans: Normal
     0 | D:5      | 0 ||| PLANNING D:1-11
     0 | D:5      | 0 ||| DROPPING scroll of fog.
     1 | D:5      | 1 ||| DROPPING scroll of magic mapping.
     2 | D:5      | 2 ||| DROPPING scroll of fear.
    74 | D:4      | Noticed an iguana
    75 | D:4      | 75 ||| Stepping ~*~*~tactically~*~*~ (stealth).
    75 | D:4      | Noticed a scorpion
    76 | D:4      | 76 ||| Stepping ~*~*~tactically~*~*~ (stealth).
    78 | D:4      | 78 ||| Stepping ~*~*~tactically~*~*~ (stealth).
    79 | D:4      | 79 ||| Stepping ~*~*~tactically~*~*~ (stealth).
    83 | D:4      | 83 ||| Stepping ~*~*~tactically~*~*~ (stealth).
    84 | D:4      | 84 ||| Stepping ~*~*~tactically~*~*~ (stealth).
    85 | D:4      | 85 ||| Stepping ~*~*~tactically~*~*~ (stealth).
    86 | D:4      | 86 ||| Stepping ~*~*~tactically~*~*~ (stealth).
    87 | D:4      | 87 ||| Stepping ~*~*~tactically~*~*~ (stealth).
    97 | D:4      | Reached XP level 2. HP: 8/19 MP: 2/2
    99 | D:4      | HP: 2/19 [scorpion (3)]
   100 | D:4      | Slain by a jackal

Levels and vault maps discovered:
D:4:      layout_rooms, fedhas_ov_isle_minmay,
          mainiacjoe_overflow_catch_the_wave
D:5:      layout_layer_cave, mainiacjoe_overflow_brackets, temple_pool_b,
          serial_shops, nicolae_stop_n_shop_2, serial_rivers,
          chequers_serial_rivers_large_b, chequers_serial_rivers_small_3,
          chequers_serial_rivers_small_3, chequers_serial_rivers_small_b,
          chequers_serial_rivers_small_a, minivault_1,
          minmay_misc_feat_enclosed, hangedman_decor_riveting,
          minmay_misc_feat_diagonals, kennysheep_generic_room_12, uniq_pikel

Skill      XL: |  1 |
---------------+----+-----
Axes           | 2 |  2.7
Fighting       | |  3.2
Dodging        | |  1.5
Stealth        | |  5.4

Action                   || total
-------------------------++-------
Melee: Hand axe          ||    22
       Punch             ||     1
Armor: Leather armour    ||     6
Dodge: Dodged            ||    20

Table legend:
 A = Non-vault XP
 B = Vault XP
 C = Vault XP percentage of total XP
 D = Non-vault monster count
 E = Vault monster count
 F = Vault count percentage of total count
                 A         B        C        D         E       F
            +---------+---------+-------+---------+---------+-------
      Total |      20 |       0 |   0.0 |       4 |       0 |   0.0
            +---------+---------+-------+---------+---------+-------
        D:4 |      20 |       0 |   0.0 |       4 |       0 |   0.0
            +---------+---------+-------+---------+---------+-------
